cohdb
Replays
Latest Replays
All Replays
Popular Replays
Top Player Replays
Match Explorer
How It Works
Community
CoH3 Stats
Reddit
Sign in to upload your games and track your stats! →
Sign in with Steam
Match 46980120
Unlisted
Match 46980120
Overview
Messages
Build Orders
End
Kradschützen Motorcycle Team
250 Light Carrier
Construct Light Support Kompanie
MG34 Team
250 Light Carrier
Panzergrenadier Squad
2.5-tonne Medical Truck
Combat Half-tracks
Panzerjäger Mechanized Group
Construct Mechanized Kompanie
250 Light Carrier
Panzerpioneer Squad
Advanced Field Repairs
Construct Panzerarmee Kommand
Panzer III L Medium Tank
Selects Armored Support Battlegroup
Selects Superior Fire Drills
Selects Flammpanzer III Medium Tank
2.5-tonne Medical Truck
Panzer III L Medium Tank
Flammpanzer III Medium Tank
AI Takeover
Kenzelo
T-Age
Flat
1920638632
MuniekPL
TheVVitcher
Husar
Zmasowany
0
0
Comments
sign in to comment!
No comments posted yet!